Map: Darkness Sanctuary LE

Players

DnS

  • Race: Protoss Protoss
  • Spawn Location: 1:00

StevenBonnel (PtitDrogo) - Winner!

  • Race: Protoss Protoss
  • League: Master
  • Spawn Location: 5:00

Event: WCS Austin 2018

VOD

Have the link to the VOD?

Description

Time

  • Played on: June 1, 2018, 10:11 p.m.
  • Length: 13:23

All games in this series

Show
View Real Time Build Order
Export as new Build Order

DnS Protoss 

Build Orders: Phoenix Opening 

Get SALT Encoding   

  12  0:00  Probe  
  13  0:12  Probe  
  14  0:17  Pylon  
  14  0:24  Probe  
  15  0:32  Probe  
  15  0:38  Gateway  
  15  0:40  Probe  
  16  0:46  Assimilator  
  17  0:50  Probe  
  17  0:55  Assimilator  
  18  0:58  Probe  
  19  1:06  Probe  
  20  1:13  Gateway  
  20  1:17  Probe  
  20  1:25  Cybernetics Core  
  21  1:29  Probe  
  22  1:35  Pylon  
  22  1:41  Probe  
  23  1:53  Probe  
  24  2:01  Stalker, Sentry, Warp Gate  
  28  2:12  Pylon  
  30  2:31  Stalker x2  
  32  2:47  Stargate  
  32  2:57  Nexus  
  29  3:15  Probe  
  28  3:23  Probe  
  28  3:31  Probe  
  32  3:39  Twilight Council, Probe  
  31  3:48  Phoenix  
  31  3:55  Probe  
  33  4:01  Stargate  
  33  4:06  Probe  
  33  4:07  Adept x2, Probe  
  33  4:09  Assimilator  
  39  4:14  Probe  
  39  4:15  Phoenix  
  41  4:19  Probe  
  41  4:24  Probe  
  44  4:31  Probe  
  44  4:32  Probe  
  46  4:40  Phoenix, Probe  
  46  4:43  Probe  
  46  4:45  Pylon  
  50  4:50  Probe  
  48  5:00  Probe  
  48  5:02  Probe  
  48  5:05  Robotics Facility  
  49  5:09  Shield Battery  
  49  5:10  Sentry x2, Probe  
  49  5:13  Probe  
  54  5:18  Probe  
  55  5:25  Probe  
  57  5:29  Pylon, Probe  
  57  5:33  Forge  
  58  5:36  Assimilator  
  58  5:37  Probe  
  58  5:41  Probe  
  60  5:42  Immortal  
  60  5:44  Pylon  
  60  5:49  Stalker, Probe  
  67  5:57  Protoss Ground Weapons Level 1  
  65  6:05  Twilight Council  
  65  6:15  Observer  
  65  6:17  Gateway x2  
  66  6:28  Gateway x2  
  66  6:30  Pylon  
  66  6:33  Immortal  
  70  6:44  Charge  
  70  6:46  Zealot x2  
  74  7:02  Nexus  
  74  7:03  Pylon  
  70  7:21  Immortal  
  66  7:28  Protoss Ground Weapons Level 2  
  66  7:29  Probe x2  
  66  7:40  Zealot x5  
  66  7:41  Probe  
  66  7:43  Templar Archives  
  77  7:44  Probe  
  78  7:52  Zealot  
  78  7:53  Observer, Probe  
  78  7:57  Probe  
  82  8:03  Pylon  
  83  8:05  Probe  
  83  8:11  Probe  
  85  8:17  Gateway x2, Probe  
  85  8:18  Probe  
  87  8:22  High Templar x2  
  91  8:28  Archon  
  91  8:35  Zealot x2, High Templar x2  
  91  8:37  Probe x2  
  91  8:38  Pylon  
  91  8:39  Archon  
  99  8:52  Pylon  
  99  8:55  Shield Battery  
  99  8:57  Zealot x2, High Templar x2  
  99  9:02  Archon, Observer  
  107  9:04  Shield Battery x2  
  107  9:08  Observer  
  107  9:16  Warp Prism  
  106  9:20  Zealot x2, High Templar x2  
  106  9:21  Zealot x2  
  106  9:22  Probe x3  
  123  9:25  Archon  
  123  9:33  Pylon  
  123  9:37  Pylon  
  123  9:40  Zealot x4  
  123  9:41  Zealot  
  123  9:42  Protoss Ground Weapons Level 3  
  133  9:48  Pylon  
  133  10:03  Zealot x3, High Templar x2  
  133  10:04  Zealot x2  
  147  10:07  Archon  
  145  10:19  Pylon  
  145  10:21  Pylon  
  145  10:29  Zealot x6  
  157  10:47  Zealot x4  
  148  10:57  Zealot x4  
  129  11:12  High Templar x4  
  129  11:16  Archon  
  137  11:24  Archon  
  91  11:43  Zealot x4  
  70  11:49  Warp Prism  
  48  11:57  High Templar x2  
  48  11:58  Zealot x2  
  46  12:01  Archon  
  46  12:05  Zealot x2  
  46  12:06  Zealot x2  
  54  12:19  Nexus  
  54  12:22  Pylon  
  54  12:24  High Templar x2  
  54  12:29  Archon  
  58  12:33  Zealot x4, High Templar x2  
  70  12:37  Archon  
  69  12:54  High Templar  
  71  13:00  Zealot x4, High Templar  
  71  13:04  Archon  
  73  13:18  Zealot x4  
Show
View Real Time Build Order
Export as new Build Order

StevenBonnel Protoss - Winner!

Build Orders: Oracle Opening, Blink Stalkers 

Get SALT Encoding   

  12  0:00  Probe  
  13  0:12  Probe  
  14  0:17  Pylon  
  14  0:24  Probe  
  15  0:32  Probe  
  15  0:40  Gateway, Probe  
  16  0:46  Assimilator  
  17  0:51  Probe  
  17  0:54  Assimilator  
  18  0:59  Probe  
  19  1:07  Probe  
  19  1:15  Gateway  
  19  1:17  Probe  
  21  1:27  Cybernetics Core  
  21  1:29  Probe  
  22  1:36  Pylon  
  22  1:41  Probe  
  23  1:54  Probe  
  24  2:03  Adept x2  
  24  2:07  Stargate  
  28  2:15  Pylon  
  28  2:16  Warp Gate  
  28  2:33  Stalker x2  
  31  2:47  Oracle  
  34  3:11  Probe  
  31  3:22  Twilight Council, Nexus  
  31  3:29  Shield Battery  
  31  3:31  Probe  
  32  3:37  Stalker  
  34  3:41  Blink  
  34  3:45  Probe  
  32  3:58  Probe  
  33  4:10  Probe  
  34  4:20  Stalker x2  
  34  4:22  Probe  
  39  4:30  Probe, Forge  
  39  4:34  Probe  
  41  4:38  Probe  
  41  4:43  Stalker  
  41  4:44  Protoss Ground Weapons Level 1  
  44  4:46  Probe  
  44  4:52  Stalker  
  45  4:58  Probe x2  
  44  5:09  Probe  
  44  5:10  Probe  
  46  5:17  Probe  
  47  5:25  Probe x2  
  48  5:32  Nexus  
  48  5:35  Pylon  
  49  5:37  Probe x2  
  51  5:44  Sentry  
  51  5:49  Probe  
  54  5:50  Pylon  
  54  5:53  Probe  
  54  5:56  Stalker  
  57  6:01  Probe  
  53  6:06  Charge  
  53  6:08  Probe  
  54  6:13  Probe  
  55  6:20  Probe  
  55  6:22  Gateway  
  55  6:23  Gateway  
  55  6:25  Probe  
  57  6:28  Protoss Ground Weapons Level 2  
  57  6:29  Gateway  
  57  6:30  Gateway  
  57  6:33  Probe  
  57  6:37  Probe  
  57  6:39  Templar Archives  
  59  6:44  Probe  
  59  6:45  Probe  
  61  6:49  Probe  
  62  6:56  Probe  
  62  6:57  Probe  
  64  7:01  Gateway  
  64  7:02  Probe  
  64  7:03  Gateway  
  61  7:22  Zealot x2  
  59  7:36  Zealot x4  
  67  7:40  Pylon  
  67  7:41  Pylon, Probe  
  67  7:43  Shield Battery  
  68  7:44  Pylon  
  68  7:45  Zealot x2  
  68  7:47  Pylon  
  72  7:53  Probe x3  
  72  7:55  Pylon  
  72  7:56  High Templar x2  
  72  7:57  Zealot x3  
  85  7:59  Zealot  
  85  8:02  Archon  
  85  8:03  Pylon  
  85  8:05  Probe  
  88  8:08  Zealot x2  
  92  8:20  Zealot x4  
  92  8:23  Probe  
  101  8:29  Protoss Ground Weapons Level 3  
  101  8:30  Probe x2  
  101  8:32  Assimilator  
  101  8:33  Assimilator  
  101  8:34  Robotics Facility  
  101  8:37  Zealot x3  
  107  8:52  Probe  
  108  8:56  Probe x2  
  110  9:03  Assimilator  
  110  9:04  Zealot x5, Assimilator, Probe  
  110  9:06  Pylon  
  121  9:14  Observer  
  117  9:21  Photon Cannon  
  118  9:31  Immortal  
  118  9:34  Zealot x7  
  118  9:35  Zealot  
  134  9:44  Robotics Facility  
  138  9:57  Photon Cannon  
  138  9:59  Photon Cannon  
  138  10:00  Immortal  
  141  10:16  Gateway  
  141  10:17  Gateway  
  141  10:22  Pylon x2  
  141  10:24  Pylon  
  141  10:27  Pylon  
  141  10:32  Immortal  
  141  10:35  Shield Battery  
  139  10:37  Shield Battery  
  139  10:40  High Templar x2  
  139  10:41  High Templar x4  
  139  10:42  Zealot  
  157  10:45  Archon  
  157  10:46  Archon x2  
  157  10:47  Immortal  
  160  10:55  Zealot  
  162  11:02  Zealot  
  155  11:13  Zealot x5  
  155  11:17  Zealot  
  164  11:24  Zealot  
  165  11:30  High Templar x2  
  165  11:35  Archon  
  165  11:36  Zealot x4  
  137  11:42  Zealot x2  
  111  11:52  Zealot x2  
  111  11:53  Probe  
  111  11:54  Probe x2  
  92  12:03  Probe  
  92  12:04  High Templar x2  
  92  12:05  High Templar x2  
  92  12:07  Probe x2  
  101  12:08  Archon  
  101  12:09  Archon  
  103  12:18  Probe x3  
  103  12:21  Zealot, High Templar x2  
  111  12:26  Archon  
  112  12:30  Probe  
  113  12:38  Zealot x3  
  117  12:45  Zealot x2  
  121  12:53  Zealot, High Templar x2  
  119  13:00  Archon  
  119  13:01  Zealot  
  119  13:02  Zealot  
  122  13:09  Zealot x2  
  108  13:19  Zealot  
  102  13:20  Zealot x2  
Tags
 
Add a new tag
Caveats
  • Supply blocks, unpowered buildings, or Contaminate may cause inaccurate times.
  • Supply counts are checked every 10 seconds.